Workbook
Name ___nit1: #REF!
Name ___nit1: #REF!
Name ___nit1: #REF!
Name __nit1: #REF!
Name __nit1: #REF!
Name _nit1: #REF!
Name _nit1: #REF!
Name A_impresión_IM: #REF!
Name A_impresión_IM: #REF!
Name A43.44: '[1]1001'!#REF!
Name aaa: MATCH(0.01,End_Bal,-1)+1
Name aaa: MATCH(0.01,'DFBP consultrores'!End_Bal,-1)+1
Name aaa: MATCH(0.01,End_Bal,-1)+1
Name agencias: [2]Listas!$U$2:$U$10
Name avvillas: #REF!
Name avvillas: #REF!
Name avvillas: #REF!
Name BANCOS: [3]BANCOS!$A$2:$A$25
Name Beg_Bal: #REF!
Name Beg_Bal: #REF!
Name Beg_Bal: #REF!
Name cartera: #REF!
Name cartera: #REF!
Name clientes: #REF!
Name clientes: #REF!
Name Data: #REF!
Name Data: #REF!
Name depositos: #REF!
Name depositos: #REF!
Name DINERS: #REF!
Name DINERS: #REF!
Name End_Bal: #REF!
Name End_Bal: #REF!
Name Extra_Pay: #REF!
Name Extra_Pay: #REF!
Name FECHA: #REF!
Name FECHA: #REF!
Name Full_Print: #REF!
Name Full_Print: #REF!
Name Header_Row: ROW(#REF!)
Name Int: #REF!
Name Int: #REF!
Name Interest_Rate: #REF!
Name Interest_Rate: #REF!
Name ITEM: #REF!
Name ITEM: #REF!
Name Last_Row: IF([4]COOADAMS!Values_Entered,Header_Row+[4]COOADAMS!Number_of_Payments,Header_Row)
Name Last_Row: IF([4]COOADAMS!Values_Entered,Header_Row+[4]COOADAMS!Number_of_Payments,Header_Row)
Name Last_Row: IF([4]COOADAMS!Values_Entered,Header_Row+[4]COOADAMS!Number_of_Payments,Header_Row)
Name Loan_Amount: #REF!
Name Loan_Amount: #REF!
Name Loan_Amount: #REF!
Name Loan_Start: #REF!
Name Loan_Start: #REF!
Name Loan_Years: #REF!
Name Loan_Years: #REF!
Name MONITOR: #REF!
Name MONITOR: #REF!
Name MONITOR_AVVILLAS: #REF!
Name MONITOR_AVVILLAS: #REF!

Sheet DFBP consultrores

Sheet RIESGO INHERENTE
F1: IDENTIFICACION DEL RIESGO | K1: EVALUACION DEL RIESGO INHERENTE | N1: EVALUACION DE LOS CONTROLES EXISTENTES | AM1: RIESGO RESIDUAL | AP1: TRATAMIENTO DEL RIESGO | AU1: SEGUIMIENTO
A2: RIESGO | B2: Macroproceso | C2: Proceso | D2: Procedimiento | E2: # | F2: Que puede suceder | G2: Como puede suceder | H2: Por qué puede suceder | I2: Factor de riesgo | J2: Riesgo asociado | K2: Probabilidad (Raro: 1 Improbable: 2, Potencial: 3, Probable: 4, Casi Certeza: 5) | L2: Impacto: Insignificante: 1 Menor: 2 Moderado: 3 Mayor: 4 Catastrófico: 5 | M2: RIESGO INHERENTE | N2: Descripción del Control Existente 1 | O2: Responsable de la ejecución del Control | P2: Frecuencia de la aplicación del Control (permanente, periódica, esporádica) | Q2: Tipo de Control (Detectivo / Preventivo) | R2: Efectividad | S2: Descripción del Control Existente 2 | T2: Responsable de la ejecución del Control 2 | U2: Frecuencia de la aplicación del Control 2 | V2: Tipo de Control (Detectivo / Preventivo)2 | W2: Efectividad 2 | X2: Descripción del Control Existente 3 | Y2: Responsable de la ejecución del Control 3 | Z2: Frecuencia de la aplicación del Control (permanente, periódica, esporádica) 3 | AA2: Tipo de Control (Detectivo / Preventivo) 3 | AB2: Efectividad 3 | AC2: Descripción del Control Existente 4 | AD2: Responsable de la ejecución del Control 4 | AE2: Frecuencia de la aplicación del Control (permanente, periódica, esporádica) 4 | AF2: Tipo de Control (Detectivo / Preventivo) 4 | AG2: Efectividad 4 | AH2: Descripción del Control Existente 5 | AI2: Responsable de la ejecución del Control | AJ2: Frecuencia de la aplicación del Control (permanente, periódica, esporádica) | AK2: Tipo de Control (Detectivo / Preventivo) | AL2: Efectividad | AM2: Reducción de la Probabilidad (1, 2, 3, 4, 5) donde 1 casi no la reduce y 5 la reduce al maximo | AN2: Reducción del Impacto (1, 2, 3, 4, 5) donde 1 casi no reduce el impacto y 5 lo reduce al máximo | AO2: RIESGO RESIDUAL | AP2: Descripcion del Control Requerido | AQ2: Responsable del Diseño e implementación | AR2: Responsable de la ejecución | AS2: Estado | AT2: Prioridad (Alta, Media, Baja) | AU2: Responsable del Seguimiento | AV2: Fecha de Seguimiento | AW2: Estado de implementación
A3: Contagio | B3: Misional | C3: Gestion Comercial | D3: Vinculación Asociados | E3: 1 | F3: Asociados vinculados con actividades delictivas y/o actividades de terrorismo | G3: Vinculación de asociados ex integrantes Grupos al margen de la ley | H3: Realizan operaciones de captacion y colocación con la entidad que no guardan relación con su actividad economica | I3: Contrapartes/Productos/Zona | J3: Contagio | K3: 4 | L3: 5 | M3: =VLOOKUP(K3*L3,'Anexo-riesgo inherente'!$C$4:$D$28,2,TRUE) -> Crítico | N3: Proceso de debida diligencia(Consulta en listas restrictivas y/o vinculantes de la afiliación) | O3: Area Comercial | P3: Cada vez que se presente | Q3: Preventivo / Detectivo | R3: Alta | S3: Consolidacion Electronica de Operaciones | T3: Oficial de cumplimiento | U3: Mensualmente | V3: Detectivo | W3: Alta | AM3: 4 | AN3: 4 | AO3: =VLOOKUP((K3*L3)-(AM3*AN3),'Anexo-riesgo inherente'!$C$2:$D$28,2,TRUE) -> Bajo | AP3: Seguimiento mensual a todas las operaciones a traves del Sistema de Monitoreo | AQ3: Oficial de Cumplimiento | AR3: Oficial de Cumplimiento | AS3: No ejecutado | AT3: Alta | AU3: Revisor Fiscal | AV3: 44774 | AW3: En Proceso
B4: Misional | C4: Gestion de ahorro | D4: Apertura de depositos | E4: 2 | F4: Captación de recursos de origen ilicito: corrupción | G4: La persona era o es PEP, administra recursos publicos | H4: Porque deposita los recursos en la entidad producto de sus actividades de corrupción o pesar de que tenga condenas o investigaciones por autoridades fiscales o disciplinarias | I4: Contrapartes/Productos | J4: Contagio | K4: 1 | L4: 3 | M4: =VLOOKUP(K4*L4,'Anexo-riesgo inherente'!$C$4:$D$28,2,TRUE) -> Bajo | N4: Indetificación de PEP´S a través del formulario de vinculación y/o actualizacion de datos. | O4: Area Comercial | P4: Permanentemente | Q4: Detectivo | R4: Alta | S4: Consulta efectiva | T4: Oficial de cumplimiento | U4: Cada vez que se presente | V4: Detectivo | W4: Alta | X4: Solicitud informacion del Origen de Fondos (Solicitud de Documento Soporte) | Y4: Funcionarios de Caja/Asesores/Oficial de cumplimiento | Z4: Cada vez que se presente | AA4: Detectivo | AB4: Media | AC4: Seguimiento especial a PEP´S | AD4: Oficial de cumplimiento | AE4: Mensualmente | AF4: Detectivo | AG4: Alta | AM4: 4 | AN4: 4 | AO4: =VLOOKUP((K4*L4)-(AM4*AN4),'Anexo-riesgo inherente'!$C$2:$D$28,2,TRUE) -> Bajo | AP4: 1. Implementar Formulario Declaración de origen de fondos a partir de ___________ 2. Incluir en el formulario de vinculacion solicitud de informacion especial a PEP´S | AQ4: Oficial de Cumplimiento | AR4: Oficial de Cumplimiento | AS4: No ejecutado | AT4: Alta | AU4: Revisor Fiscal | AV4: 44774 | AW4: En Proceso
B5: Misional | C5: Gestion de ahorro | D5: Gestion de Depositos | E5: 3 | F5: Captación de recursos de origen ilicito: Testaferrato | G5: Asociado apertura recursos que dice pertenecen a terceras personas: familiares o amigos | H5: No se establece claramente el origen de fondos de los recursos entregados por los asociados para aperturar depositos que no guarda relación con su nivel de ingresos o actividad economica | I5: Producto | J5: Contagio | K5: 1 | L5: 3 | M5: =VLOOKUP(K5*L5,'Anexo-riesgo inherente'!$C$4:$D$28,2,TRUE) -> Bajo | N5: En el caso de operacione en efectivo cuando supera 10 millones se solicita el diligenciamiento del formato de operación en efectivo. (Con los debidos soportes que acrediten la operación). | O5: Cajero | P5: Cada vez que se presente | Q5: Detectivo | R5: Alta | S5: Entrevista personal para la apertura o retiro de ahorros | T5: Funcionario que atiende la operación y/o Oficial de cumplimiento. | U5: Cada vez que se presente | V5: Detectivo | W5: Alta | X5: Consolidacion Electronica de Operaciones (Analisis de los mayores ahorradores) | Y5: Oficial de cumplimiento | Z5: Mensualmente | AA5: Detectivo | AB5: Alta | AM5: 4 | AN5: 4 | AO5: =VLOOKUP((K5*L5)-(AM5*AN5),'Anexo-riesgo inherente'!$C$2:$D$28,2,TRUE) -> Bajo | AP5: De acuerdo al resultado de la segmentacion del producto del ahorro definir el parametro de segumiento especial. (Montos, frecuencias y numero de cuentas) Analisis Individual de cuentas activas. | AQ5: Oficial de cumplimiento | AR5: Oficial de cumplimiento | AS5: No ejecutado | AT5: Alta | AU5: Revisor Fiscal | AV5: 44774 | AW5: En Proceso
B6: Misional | C6: Gestion de ahorro | D6: Gestion de Depositos | E6: 4 | F6: Cuentas inactivas que repentinamente empiezan a tener movimientos no esperados. | G6: El asociado premeditamanente utiliza el producto del ahorro con el objetivo de ocultar dinero ilicito para luego integrarlo a la economia. | H6: El asociado esta relacionado con grupos al margen de la ley dedicados al blanqueo de capitales. | I6: Producto | J6: Contagio | K6: 1 | L6: 2 | M6: =VLOOKUP(K6*L6,'Anexo-riesgo inherente'!$C$4:$D$28,2,TRUE) -> Bajo | N6: Consolidación electronica de operaciones | O6: Oficial de cumplimiento | P6: Mensualmente | Q6: Detectivo | R6: Alta | S6: Despues de 6 meses sin movimiento la cuenta queda catalogada como inactiva (Automaticamente) | T6: Oficial de cumplimiento | U6: Permanentemente | V6: Preventivo | W6: Alta | X6: Para la activación de la cuenta el asociado solicita presencialmente a través de un formato la activación de la cuenta. | Y6: Oficial de cumplimiento | Z6: Cada vez que se presente | AA6: Preventivo | AB6: Alta | AM6: 4 | AN6: 4 | AO6: =VLOOKUP((K6*L6)-(AM6*AN6),'Anexo-riesgo inherente'!$C$2:$D$28,2,TRUE) -> Bajo | AP6: Seguimeinto especial a cuentas que pasaron de inactivas a activas con indice de capitalización superior a 0.7. | AQ6: Oficial de cumplimiento | AR6: Oficial de cumplimiento | AS6: No ejecutado | AT6: Alta | AU6: Revisor Fiscal | AV6: 44774 | AW6: En Proceso
B7: Misional | C7: Gestion de ahorro y Credito | D7: Tesoreria | E7: 5 | F7: Desembolso de recursos a personas vinculadas con actividades ilícitas | G7: El asociado solicita que en la cancelación de sus ahorros, o devolución de aportes o desembolso de crédito el recurso se gire a un tercero | H7: Porque la persona a la que se gira los recursos es agiotista o es una entidad que lava recursos o esta vinulado al delito de extorsión y no fue consultado en las listas vinculantes. | I7: Canal/Productos | J7: Contagio | K7: 4 | L7: 4 | M7: =VLOOKUP(K7*L7,'Anexo-riesgo inherente'!$C$4:$D$28,2,TRUE) -> Crítico | N7: Antes del desembolso se solicita el diligenciamiento del formulario de vinculacion a terceros (Verificacion de datos y consulta en listas vinculantes y/o restrictivas) | O7: Asesores comerciales | P7: Cada vez que se presente | Q7: Preventivo | R7: Alta | S7: Revisión | T7: Oficial de cumplimiento | U7: Cada vez que se presente | V7: Detectivo | W7: Alta | X7: Aprobación | Y7: Gerencia | Z7: Cada vez que se presente | AA7: Preventivo | AB7: Alta | AC7: Cuando el beneficiario del desembolso es asociado se solicita carta de autorización | AD7: Asesores comerciales/Cajeros | AE7: Cada vez que se presente | AF7: Preventivo | AG7: Alta | AM7: 4 | AN7: 4 | AO7: =VLOOKUP((K7*L7)-(AM7*AN7),'Anexo-riesgo inherente'!$C$2:$D$28,2,TRUE) -> Bajo | AP7: Ajustar carta de autorización de giro a un tercero Inlcuir; clausula (Declaro que lo solicitado no hace parte ni hará parte o dará lugar a actividades ilicitas ni admitiré que terceros realicen transacciones a mi nombre, provenientes de las actividades ilícitas contempladas en el Código Penal Colombiano. ) | AQ7: Oficial de cumplimiento | AR7: Tesoreria | AS7: No ejecutado | AT7: Media | AU7: Revisor Fiscal | AV7: 44774 | AW7: En Proceso
B8: Misional | C8: Gestion Financiera | D8: Tesoreria | E8: 6 | F8: Desembolso de recursos a personas vinculadas con actividades ilícitas | G8: La entidad establece un convenio con una persona natural o jurídica | H8: No existe un procedimiento claro de vinculación de proveedores de convenios que garanticen la transparencia de su actividad | I8: Contrapartes | J8: Contagio | K8: 1 | L8: 3 | M8: =VLOOKUP(K8*L8,'Anexo-riesgo inherente'!$C$4:$D$28,2,TRUE) -> Bajo | N8: Solicitud diligenciamiento formulario de vinculación de proveedores | O8: Gerencia/Contabilidad/Oficial de cumplimiento/Auxiliar administrativo/Sistemas/Secretaria de Gerencia | P8: Cada vez que se presente | Q8: Preventivo | R8: Alta | S8: Consulta en listas vinculantes y/o restrictivas | T8: Asesores Comerciales/Oficial de cumplimiento | U8: Cada vez que se presente | V8: Detectivo | W8: Alta | X8: Revisión | Y8: Oficial de cumplimiento | Z8: Cada vez que se presente | AA8: Detectivo | AB8: Alta | AC8: Aprobación | AD8: Gerencia | AE8: Cada vez que se presente | AF8: Preventivo | AG8: Alta | AM8: 4 | AN8: 4 | AO8: =VLOOKUP((K8*L8)-(AM8*AN8),'Anexo-riesgo inherente'!$C$2:$D$28,2,TRUE) -> Bajo | AP8: Evaluación formulario de proveedores | AQ8: Oficial de cumplimeinto | AR8: Area correspondiente | AS8: No ejecutado | AT8: Media | AU8: Revisor Fiscal | AV8: 44774 | AW8: En Proceso
B9: Misional | C9: Gestion de administrativa | D9: Administración de Riesgos | E9: 7 | F9: Asociados dedicados al AGIOTISMO | G9: Efectúan préstamos con la entidad para apalancar sus créditos a otras personas o asociados | H9: El asociado utiliza su capacidad de endeudamiento y cercanía con otros asociados o personas para prestarles dinero a USURA | I9: Producto | J9: Contagio | K9: 1 | L9: 3 | M9: =VLOOKUP(K9*L9,'Anexo-riesgo inherente'!$C$4:$D$28,2,TRUE) -> Bajo | N9: Identificación basado en el conocimiento del asociado | O9: Personal | P9: Permanentemente | Q9: Detectivo | R9: Alta | S9: Analisis de montos y frecuencias | T9: Oficial de cumplimiento | U9: Permanentemente | V9: Detectivo | W9: Alta | X9: Seguimiento especial | Y9: Oficial de cumplimiento | Z9: Cada vez que se presente | AA9: Detectivo | AB9: Alta | AM9: 4 | AN9: 4 | AO9: =VLOOKUP((K9*L9)-(AM9*AN9),'Anexo-riesgo inherente'!$C$2:$D$28,2,TRUE) -> Bajo | AP9: Consolidacion electronica atraves de herramientas informaticas | AQ9: Oficial de Cumplimiento | AR9: Oficial de Cumplimiento | AS9: No ejecutado | AT9: Alta | AU9: Revisor Fiscal | AV9: 44774 | AW9: En Proceso
B10: Misional | C10: Gestion de administrativa | D10: Administración de Riesgos | E10: 8 | F10: Recursos provenientes de corrupción al interior de las empresas patronales | G10: Robos, fraudes, sobornos y delitos similares producen recursos que recibe el asociado con los cuales abre depositos o paga créditos | H10: Personas directivos, ordenadores de gasto o jefes de compras y similares mandos medios y altos de la organización se sirven de su poder en beneficio propio sustrayendo recursos de la empresa | I10: Productos | J10: Contagio | K10: 1 | L10: 3 | M10: =VLOOKUP(K10*L10,'Anexo-riesgo inherente'!$C$4:$D$28,2,TRUE) -> Bajo | N10: Identificación basado en el conocimiento del asociado | O10: Personal | P10: Permanentemente | Q10: Detectivo | R10: Media | S10: Analisis de montos y frecuencias (Seguimiento especial empleados de la Cooperativa, Directivos y PEP´S) | T10: Oficial de cumplimiento | U10: Mensualmente | V10: Detectivo | W10: Alta | AM10: 3 | AN10: 3 | AO10: =VLOOKUP((K10*L10)-(AM10*AN10),'Anexo-riesgo inherente'!$C$2:$D$28,2,TRUE) -> Bajo | AP10: Identificar cargos y actividades economicas de mayor riesgo para realizar el seguimiento especial mensual. | AQ10: Oficial de Cumplimiento | AR10: Oficial de Cumplimiento | AS10: No ejecutado | AT10: Alta | AU10: Revisor Fiscal | AV10: 44774 | AW10: En Proceso
B11: Misional | C11: Gestion de administrativa | D11: Administración de Riesgos | E11: 9 | F11: Inclusión de contrapartes en listas restrictivas | G11: Después de iniciada la relación contractual, la contraparte es incluida | H11: La persona a la par con la actividad economica principal declarada se vincula con actividades ilícitas posterior a su ingreso | I11: Contrapartes | J11: Contagio | K11: 1 | L11: 4 | M11: =VLOOKUP(K11*L11,'Anexo-riesgo inherente'!$C$4:$D$28,2,TRUE) -> Bajo | N11: Consulta masiva anual | O11: Oficial de cumplimiento | P11: Anual | Q11: Detectivo | R11: Alta | AM11: 3 | AN11: 3 | AO11: =VLOOKUP((K11*L11)-(AM11*AN11),'Anexo-riesgo inherente'!$C$2:$D$28,2,TRUE) -> Bajo | AP11: Solicitar los certificados de actualizacion de listas. | AQ11: Oficial de cumplimiento | AR11: Oficial de cumplimiento | AS11: No ejecutado | AT11: Alta | AU11: Revisor Fiscal | AV11: 44774 | AW11: En Proceso
B12: Misional | C12: Gestion de Credito | D12: Administración de Riesgos | E12: 10 | F12: No se puede comprobar la procedencia de la garantia | G12: El asociado adquiere un bien con riesgo de extinción de domino | H12: El asociado o codeudor adquiere un bien con fuentes de dinero obtenidos de manera ilicita | I12: Contrapartes | J12: Contagio | K12: 1 | L12: 4 | M12: =VLOOKUP(K12*L12,'Anexo-riesgo inherente'!$C$4:$D$28,2,TRUE) -> Bajo | N12: Estudio de titulos por parte de un experto. | O12: Gerencia/Asesores comerciales | P12: Cada vez que se presente | Q12: Detectivo | R12: Alta | S12: Consulta en listas vinculantes y/o restrictivas al beneficiario final del credito. | T12: Asesores Comerciales | U12: Cada vez que se presente | V12: Detectivo | W12: Alta | X12: Revisión | Y12: Oficial de cumplimiento | Z12: Cada vez que se presente | AA12: Detectivo | AB12: Alta | AC12: Aprobación | AD12: Gerencia | AE12: Cada vez que se presente | AF12: Preventivo | AG12: Alta | AM12: 3 | AN12: 3 | AO12: =VLOOKUP((K12*L12)-(AM12*AN12),'Anexo-riesgo inherente'!$C$2:$D$28,2,TRUE) -> Bajo | AP12: Analisis del alcance del estudio de titulos | AQ12: Oficial de cumplimiento | AR12: Oficial de cumplimiento | AS12: No ejecutado | AT12: Alta | AU12: Revisor Fiscal | AV12: 44774 | AW12: En Proceso
A13: Operativo | B13: Misional | C13: Gestion de administrativa | D13: Administración de Riesgos | E13: 11 | F13: No se cumplen los procesos de debida diligencia en la vinculacion de contrapartes | G13: Espacios sin diligenciar en el formato de vinculación, entrevistas no realizadas o verificacion de datos no realizadas, o documentos no aportados o no se consulta a las listas vinculantes | H13: Los empleados no cuentan con la capacitación sobre el diligenciamiento y la importancia del formato o la entidad no tiene definido el procedimiento de vinculación / El volumen de operaciones de ingresos y retiro de asociados es muy elevado para el numero de funcionarios. | I13: Contrapartes | J13: Operativo | K13: 1 | L13: 2 | M13: =VLOOKUP(K13*L13,'Anexo-riesgo inherente'!$C$4:$D$28,2,TRUE) -> Bajo | N13: Procedimiento de debida diligencia definido y aplicado permanentemente | O13: Oficial de cumplimiento | P13: Permanentemente | Q13: Preventivo | R13: Alta | S13: Prueba a la debida diligencia | T13: Oficial de cumplimiento | U13: Mensualmente | V13: Detectivo | W13: Alta | AM13: 4 | AN13: 4 | AO13: =VLOOKUP((K13*L13)-(AM13*AN13),'Anexo-riesgo inherente'!$C$2:$D$28,2,TRUE) -> Bajo | AP13: No es necesario un control adicional | AU13: Revisor Fiscal | AV13: 44774 | AW13: En proceso
B14: Apoyo | C14: Gestion de administrativa | D14: Administración de Riesgos | E14: 12 | F14: No se efectua la actualización de datos anual | G14: Los asociados se niegan a diligenciar completo el formulario o adjuntar la documentación | H14: La entidad no cuenta con presupuesto para la actividad o los asociados se niegan a aportar la información o los documentos o diligencian de manera imcompleta el formulario, o no se verifica la información o no se actualiza el sistema | I14: Contrapartes | J14: Operativo | K14: 1 | L14: 2 | M14: =VLOOKUP(K14*L14,'Anexo-riesgo inherente'!$C$4:$D$28,2,TRUE) -> Bajo | N14: Programa anual de actualizacion de datos | O14: Oficial de cumplimiento/Gerencia | P14: Anual | Q14: Preventivo | R14: Alta | S14: Actualización de datos en la apertura o utilización de productos o servicios. | T14: Asesores comerciales/Cajeros/Auxiliar de cartera/Asistente administrativo/Secretaria de Gerencia | U14: Permanentemente | V14: Preventivo | W14: Alta | AM14: 3 | AN14: 3 | AO14: =VLOOKUP((K14*L14)-(AM14*AN14),'Anexo-riesgo inherente'!$C$2:$D$28,2,TRUE) -> Bajo | AP14: Solicitar al sistema diligenciamiento completo de los campos para que tome la acción como actualizacion de datos. | AQ14: Oficial de cumplimiento | AR14: Oficial de cumplimiento | AS14: No ejecutado | AT14: Alta | AU14: Revisor Fiscal | AV14: 44927 | AW14: En Proceso
B15: Misional | C15: Gestion de administrativa | D15: Administración de Riesgos | E15: 13 | F15: No se detectan operaciones inusuales | G15: La entidad no identifica operaciones que no guardan relación con el perfil economico de la contraparte | H15: La entidad no cuenta con herramientas tecnologicas automatizadas o el oficial de cumplimiento no aplica las herramientas manuales | I15: Contraparte | J15: Operativo | K15: 3 | L15: 3 | M15: =VLOOKUP(K15*L15,'Anexo-riesgo inherente'!$C$4:$D$28,2,TRUE) -> Moderado | N15: Identificación basado en el conocimiento del asociado | O15: Personal | P15: Permanentemente | Q15: Detectivo | R15: Alta | S15: Reportes internos de los empleados De la Cooperativa | T15: Oficial de cumplimiento | U15: Permanentemente | V15: Detectivo | W15: Alta | AM15: 3 | AN15: 3 | AO15: =VLOOKUP((K15*L15)-(AM15*AN15),'Anexo-riesgo inherente'!$C$2:$D$28,2,TRUE) -> Bajo | AP15: Parametrizar señales de alerta en el sistema de acuerdo a los resultados de la segmentación | AQ15: Oficial de cumplimiento | AR15: Oficial de cumplimiento | AS15: No ejecutado | AT15: Alta | AU15: Revisor Fiscal | AV15: 44896 | AW15: En Proceso
B16: Apoyo | C16: Gestion Humana | D16: Vinculación de Empleados | E16: 14 | F16: Empleados vinculados con actividades u organizaciones delictivas | G16: Empleados colaboran con personas vinculadas a lavado omitiendo controles o falsificando información o haciendo operaciones en su nombre | H16: El sistema no cuenta con controles que limiten la manipulación de datos o permisos de acceso limitados y segmentados a las transacciones o no se desarrollan actividades especificas de seguimiento a los empleados / no se cuenta con una Revisoría Fiscal independiente. | I16: Contraparte | J16: Operativo | K16: 1 | L16: 4 | M16: =VLOOKUP(K16*L16,'Anexo-riesgo inherente'!$C$4:$D$28,2,TRUE) -> Bajo | N16: Proceso de vinculación estandarizado. | O16: Gerencia/Secretaria Gerencia | P16: Cada vez que se presente | Q16: Preventivo/Detectivo | R16: Alta | S16: Consulta en listas vinculantes, restrictivas e informativas | T16: Oficial de cumplimiento | U16: Cada vez que se presente | V16: Detectivo | W16: Alta | X16: Formualrio de empleados | Y16: Oficial de cumplimiento | Z16: Cada vez que se presente | AA16: Preventivo | AB16: Alta | AC16: Segregación de Funciones / limitación atribuciones | AD16: Gerencia | AE16: Cada vez que se presente | AF16: Preventivo | AG16: Alta | AM16: 4 | AN16: 4 | AO16: =VLOOKUP((K16*L16)-(AM16*AN16),'Anexo-riesgo inherente'!$C$2:$D$28,2,TRUE) -> Bajo | AP16: Implementar programa de actualización a empleados. | AQ16: Oficial de cumplimiento | AR16: Secretaria de Gerencia | AS16: No ejecutado | AT16: Media | AU16: Revisor Fiscal | AV16: 44896 | AW16: En Proceso
B17: Apoyo | C17: Gestion de administrativa | D17: Vinculación contrapartes | E17: 15 | F17: Elección de Revisor Fiscal no ideneo | G17: No se verifican los requisitos previos a su elección | H17: No tiene el Diplomado, curso de UIAF, tiene conflicto de interés o no tiene el perfil | I17: Contraparte | J17: Operativo | K17: 1 | L17: 4 | M17: =VLOOKUP(K17*L17,'Anexo-riesgo inherente'!$C$4:$D$28,2,TRUE) -> Bajo | N17: Solicitud de los certificados antes del nombramiento | O17: Gerencia | P17: Cada vez que se presente | Q17: Detectivo | R17: Alta | AM17: 3 | AN17: 3 | AO17: =VLOOKUP((K17*L17)-(AM17*AN17),'Anexo-riesgo inherente'!$C$2:$D$28,2,TRUE) -> Bajo | AP17: Actualizacion permanente en temas relacionados con SARLAFT. | AQ17: Oficial de cumplimiento | AR17: Gerencia | AS17: Ejectutado | AT17: Media | AU17: Junta Vigilancia | AV17: 44896 | AW17: Funcionando
B18: Apoyo | C18: Gestion de administrativa | D18: Administración de Riesgos | E18: 16 | F18: Elección de oficial de cumplimiento principal y/o suplente no idoneo | G18: No se verifican los requisitos previos a su elección | H18: No tiene el Diplomado, curso de UIAF, tiene conflicto de interés o no tiene el perfil | I18: Contraparte | J18: Operativo | K18: 1 | L18: 4 | M18: =VLOOKUP(K18*L18,'Anexo-riesgo inherente'!$C$4:$D$28,2,TRUE) -> Bajo | N18: Soliitud de los certificados antes del nombramiento | O18: Gerencia | P18: Cada vez que se presente | Q18: Preventivo/Detectivo | R18: Alta | AM18: 5 | AN18: 5 | AO18: =VLOOKUP((K18*L18)-(AM18*AN18),'Anexo-riesgo inherente'!$C$2:$D$28,2,TRUE) -> Bajo | AP18: Actualizacion permanente en temas relacionados con SARLAFT (Consejo de Administración) | AQ18: Gerencia | AR18: Gerencia | AS18: Ejectutado | AT18: Media | AU18: Oficial de cumplimiento | AV18: 44896 | AW18: Funcionando
B19: Apoyo | C19: Gestion de administrativa | D19: Administración de Riesgos | E19: 17 | F19: No diligenciamiento del formato de transacciones en efectivo o el formato de origen de fondos | G19: Se reciben recursos en efectivo por caja que se quedan sin el control | H19: Olvido de la persona encargada. | I19: Contraparte | J19: Operativo | K19: 1 | L19: 3 | M19: =VLOOKUP(K19*L19,'Anexo-riesgo inherente'!$C$4:$D$28,2,TRUE) -> Bajo | N19: Señal de alerta para el diligenciamiento del formato de control a la transacción | O19: Caja | P19: Cada vez que se presente | Q19: Preventivo | R19: alta | S19: Control y analisis de las operaciones en efectivo | T19: Oficial de cumplimiento | U19: Mensualmente | V19: Preventivo/Detectivo | W19: Alta | X19: Programa de sencibilizacion a los empleados sobre la importancia de ejecutar los procedimientos acorde a las instruciones. | Y19: Oficial de cumplimiento | Z19: Permanentemente | AA19: Preventivo | AB19: Media | AM19: 4 | AN19: 4 | AO19: =VLOOKUP((K19*L19)-(AM19*AN19),'Anexo-riesgo inherente'!$C$2:$D$28,2,TRUE) -> Bajo | AP19: Generar evidencias de las campañas de sensibilización | AQ19: Oficial de cumplimiento | AR19: Oficial de cumplimiento | AS19: No ejecutado | AT19: Baja | AU19: Revisor fiscal | AV19: 44927 | AW19: En Proceso
A20: LEGAL | B20: Apoyo | C20: Gestion de administrativa | D20: Administración de Riesgos | E20: 18 | F20: No cumplimiento oportuno de los reportes a la UIAF | G20: El reporte no se envía o se envía de manera extemporanea | H20: Olvido / pérdida de las claves / incapacidad médica / fallas tecnológicas | I20: Contraparte | J20: Legal | K20: 1 | L20: 4 | M20: =VLOOKUP(K20*L20,'Anexo-riesgo inherente'!$C$4:$D$28,2,TRUE) -> Bajo | N20: Monitoreo | O20: Revisoria Fiscal. | P20: Mensualmente | Q20: Detectivo | R20: Alta | S20: Inclusión en el cronograma de actividades mensual. | T20: Oficial de cumplimiento | U20: Permanentemente | V20: Preventivo-Detectivo | W20: Alta | X20: Oficial de cumpliento suplente está en capacidad de realizar el informe en caso de que el principal no pueda realizarlo. | Y20: Oficial de cumplimiento suplente | Z20: Cada vez que se presente | AA20: Preventivo | AB20: Alta | AM20: 5 | AN20: 1 | AO20: =VLOOKUP((K20*L20)-(AM20*AN20),'Anexo-riesgo inherente'!$C$2:$D$28,2,TRUE) -> Bajo | AP20: No es necesario un control adicional | AS20: Ejectutado | AT20: Alta | AU20: Revisor fiscal | AV20: 44896 | AW20: Funcionando
B21: Apoyo | C21: Gestion de administrativa | D21: Administración de Riesgos | E21: 19 | F21: Sanciones por incumplimiento del SARLAFT | G21: No se responden los requerimientos o en visita no se soporta adecuadamente el funcionamiento del sistema | H21: No se tiene adecuada preparación del oficial de cumplimiento o persona encargada o no se tiene actualizada la dirección de la entidad en la Supersolidaria o por olvido del encargado | I21: Contraparte | J21: Legal | K21: 1 | L21: 4 | M21: =VLOOKUP(K21*L21,'Anexo-riesgo inherente'!$C$4:$D$28,2,TRUE) -> Bajo | N21: Monitoreo | O21: Revisoria Fiscal. | P21: Mensualmente | Q21: Detectivo | R21: Alta | AM21: 4 | AN21: 1 | AO21: =VLOOKUP((K21*L21)-(AM21*AN21),'Anexo-riesgo inherente'!$C$2:$D$28,2,TRUE) -> Bajo | AP21: Simulacro de requerimiento | AQ21: Oficial de cumplimiento | AR21: Gerencia | AS21: No ejecutado | AT21: Baja | AU21: Junta Vigilancia | AV21: 44774 | AW21: En Proceso
A22: Reputacional | B22: Apoyo | C22: Gestion de administrativa | D22: Administración de Riesgos | E22: 20 | F22: Miembros de los organos de direccion y control De la Cooperativa se ven envueltos en escandalos mediaticos relacionados con corrupción. | G22: En ejercicio de sus funciones se producen delitos y se asocia la imagen del funcionario con la Cooperativa por su calidad de directivo | H22: Falta de seguimiento estricto a los Miembros de los organos de direccion y control de la Cooperativa | I22: Contrapartes | J22: Reputacional | K22: 1 | L22: 4 | M22: =VLOOKUP(K22*L22,'[6]Anexo-riesgo inherente'!$C$4:$D$28,2,TRUE) -> Bajo | N22: Consulta en listas vinculantes y/o restrictivas como asociado. | O22: Oficial de Cumplimiento | P22: Anual | Q22: Detectivo | R22: Alta | S22: Consulta en listas vinculantes y/o restrictivas cada vez que hay una nueva elección siempre y cuando no haya sido consultado en el año corriente. | T22: Oficial de cumplimiento | U22: Cada vez que se presente | V22: Detectivo | W22: Alta | X22: Idetinficación basados en el conocimiento del asociado | Y22: PERSONAL | Z22: Permanentemente | AA22: Detectivo | AB22: Alta | AM22: 3 | AN22: 3 | AO22: =VLOOKUP((K22*L22)-(AM22*AN22),'Anexo-riesgo inherente'!$C$2:$D$28,2,TRUE) -> Bajo | AP22: Protocolo de Crisis Organizacional o de Comunicaciones. | AQ22: Oficial de cumplimiento | AR22: Gerencia | AS22: No ejecutado | AT22: Media | AU22: Revisor fiscal | AV22: 44774 | AW22: En Proceso | AY22: Consulta en listas FINANCIERAS | AZ22: Oficial de cumplimiento | BA22: Cada vez que se presente | BB22: Detectivo | BC22: Alta
B23: Apoyo | C23: Gestion de administrativa | D23: Administración de Riesgos | E23: 21 | F23: Noticias falsas o generalizaciones en los medios de comunicación respecto a escándalos relacionados con lavado de activos en los que pueda asociarse el nombre de la entidad. | G23: Cooperativas se ven envueltas en un escándalo mediatico de lavado de activos en donde nada tiene que ver la entidad. | H23: Porque a traves de las redes sociales o de los medios de comunicación se extiende la idea de una crisis sistémica o pánico porque se piensa que el riesgo puede abarcar también a la entidad. | I23: Contrapartes | J23: Reputacional | K23: 1 | L23: 4 | M23: =VLOOKUP(K23*L23,'[6]Anexo-riesgo inherente'!$C$4:$D$28,2,TRUE) -> Bajo | AO23: =VLOOKUP((K23*L23)-(AM23*AN23),'Anexo-riesgo inherente'!$C$2:$D$28,2,TRUE) -> Bajo | AP23: 1.Protocolo de Crisis Organizacional o de Comunicaciones. 2.Google Alert (Noticias sobre el sector solidario). | AQ23: Oficial de cumplimiento | AR23: Gerencia/Oficial de cumplimiento | AS23: No ejecutado | AT23: Media | AU23: Revisor fiscal | AV23: 44774 | AW23: En Proceso

Sheet Anexo-riesgo inherente
A1: Proabilidad | B1: Severidad | C1: SCORE | D1: Riesgo Inherente | F1: Riesgo Inherente | H1: (-) Controles | I1: Riesgo Residual | L1: Matriz
A2: 0 | B2: 0 | C2: -999 | D2: Bajo | F2: Nivel de riesgo | G2: # De eventos | I2: Nivel de riesgo | J2: # De eventos | L2: MATRIZ RIESGO INHERENTE | T2: MATRIZ RIESGO RESIDUAL | AB2: # | AC2: Probabilidad (Raro: 1 Improbable: 2, Potencial: 3, Probable: 4, Casi Certeza: 5) | AD2: Impacto: Insignificante: 1 Menor: 2 Moderado: 3 Mayor: 4 Catastrófico: 5 | AE2: RIESGO INHERENTE | AF2: Reducción de la Probabilidad (1, 2, 3, 4, 5) donde 1 casi no la reduce y 5 la reduce al maximo | AG2: Reducción del Impacto (1, 2, 3, 4, 5) donde 1 casi no reduce el impacto y 5 lo reduce al máximo | AH2: RIESGO RESIDUAL | AI2: Probabilidad despues de los controles | AJ2: Impacto despues de los controles | AK2: Riesgo Residual | XDW2: Permanentemente | XDX2: No ejecutado
A3: 0 | B3: 1 | C3: 0 | D3: Bajo | F3: Bajo | G3: 18 | I3: Bajo | J3: 21 | AB3: 1 | AC3: 1 | AD3: 3 | AE3: Bajo | AF3: 4 | AG3: 4 | AH3: Bajo | AI3: =IF(AC3-AF3<=0,1,(AC3-AF3)) -> 1 | AJ3: =IF(AD3-AG3<=0,1,(AD3-AG3)) -> 1 | AK3: =VLOOKUP((G3*H3)-(AI3*AJ3),'Anexo-riesgo inherente'!$C$2:$D$28,2,TRUE) -> Bajo | XDW3: Cada vez que se presente | XDX3: Ejectutado
A4: 1 | B4: 1 | C4: =+A4*B4 -> 1 | D4: Bajo | F4: Moderado | G4: 1 | I4: Total general | J4: 21 | L4: MATRIZ RIESGO SIN CONTROLES | T4: MATRIZ RIESGO CON CONTROLES | AB4: 2 | AC4: 1 | AD4: 1 | AE4: Bajo | AF4: 1 | AG4: 4 | AH4: Bajo | AI4: =IF(AC4-AF4<=0,1,(AC4-AF4)) -> 1 | AJ4: =IF(AD4-AG4<=0,1,(AD4-AG4)) -> 1 | AK4: =VLOOKUP((G4*H4)-(AI4*AJ4),'Anexo-riesgo inherente'!$C$2:$D$28,2,TRUE) -> Bajo | XDW4: Mensualmente
A5: 1 | B5: 2 | C5: =+A5*B5 -> 2 | D5: Bajo | F5: Crítico | G5: 2 | L5: PROBABILIDAD | M5: 5 | T5: PROBABILIDAD | U5: 5 | AB5: 3 | AC5: 1 | AD5: 3 | AE5: Bajo | AF5: 4 | AG5: 4 | AH5: Bajo | AI5: =IF(AC5-AF5<=0,1,(AC5-AF5)) -> 1 | AJ5: =IF(AD5-AG5<=0,1,(AD5-AG5)) -> 1 | AK5: =VLOOKUP((G5*H5)-(AI5*AJ5),'Anexo-riesgo inherente'!$C$2:$D$28,2,TRUE) -> Bajo | XDW5: Bimestral
A6: 2 | B6: 1 | C6: =+A6*B6 -> 2 | D6: Bajo | F6: Total general | G6: 21 | M6: 4 | N6: R;8,9,13,14,15,17,18,19,20 | U6: 4 | V6: R;19,20 | AB6: 4 | AC6: 3 | AD6: 3 | AE6: Moderado | AF6: 4 | AG6: 4 | AH6: Bajo | AI6: =IF(AC6-AF6<=0,1,(AC6-AF6)) -> 1 | AJ6: =IF(AD6-AG6<=0,1,(AD6-AG6)) -> 1 | AK6: =VLOOKUP((G6*H6)-(AI6*AJ6),'Anexo-riesgo inherente'!$C$2:$D$28,2,TRUE) -> Bajo | XDW6: Trimestral
A7: 1 | B7: 3 | C7: =+A7*B7 -> 3 | D7: Bajo | M7: 3 | N7: R;1,3,5,7,11,16 | P7: R;4,12 | U7: 3 | V7: R;17,18 | AB7: 5 | AC7: 1 | AD7: 3 | AE7: Bajo | AF7: 4 | AG7: 4 | AH7: Bajo | AI7: =IF(AC7-AF7<=0,1,(AC7-AF7)) -> 1 | AJ7: =IF(AD7-AG7<=0,1,(AD7-AG7)) -> 1 | AK7: =VLOOKUP((G7*H7)-(AI7*AJ7),'Anexo-riesgo inherente'!$C$2:$D$28,2,TRUE) -> Bajo | XDW7: Semestral
A8: 3 | B8: 1 | C8: =+A8*B8 -> 3 | D8: Bajo | M8: 2 | U8: 2 | AB8: 6 | AC8: 1 | AD8: 1 | AE8: Bajo | AF8: 0 | AG8: 4 | AH8: Bajo | AI8: =IF(AC8-AF8<=0,1,(AC8-AF8)) -> 1 | AJ8: =IF(AD8-AG8<=0,1,(AD8-AG8)) -> 1 | AK8: =VLOOKUP((G8*H8)-(AI8*AJ8),'Anexo-riesgo inherente'!$C$2:$D$28,2,TRUE) -> Bajo | XDW8: Anual
A9: 1 | B9: 4 | C9: =+A9*B9 -> 4 | D9: Bajo | M9: 1 | N9: R;2,6,10 | U9: 1 | V9: R;2,6,10,1,3,5,7,11,16,8,9,13,14,15,4,12 | AB9: 7 | AC9: 1 | AD9: 3 | AE9: Bajo | AF9: 3 | AG9: 3 | AH9: Bajo | AI9: =IF(AC9-AF9<=0,1,(AC9-AF9)) -> 1 | AJ9: =IF(AD9-AG9<=0,1,(AD9-AG9)) -> 1 | AK9: =VLOOKUP((G9*H9)-(AI9*AJ9),'Anexo-riesgo inherente'!$C$2:$D$28,2,TRUE) -> Bajo
A10: 2 | B10: 2 | C10: =+A10*B10 -> 4 | D10: Bajo | N10: 1 | O10: 2 | P10: 3 | Q10: 4 | R10: 5 | V10: 1 | W10: 2 | X10: 3 | Y10: 4 | Z10: 5 | AB10: 8 | AC10: 1 | AD10: 4 | AE10: Bajo | AF10: 3 | AG10: 3 | AH10: Bajo | AI10: =IF(AC10-AF10<=0,1,(AC10-AF10)) -> 1 | AJ10: =IF(AD10-AG10<=0,1,(AD10-AG10)) -> 1 | AK10: =VLOOKUP((G10*H10)-(AI10*AJ10),'Anexo-riesgo inherente'!$C$2:$D$28,2,TRUE) -> Bajo
A11: 4 | B11: 1 | C11: =+A11*B11 -> 4 | D11: Bajo | N11: SEVERIDAD | V11: SEVERIDAD | AB11: 9 | AC11: 1 | AD11: 4 | AE11: Bajo | AF11: 3 | AG11: 3 | AH11: Bajo | AI11: =IF(AC11-AF11<=0,1,(AC11-AF11)) -> 1 | AJ11: =IF(AD11-AG11<=0,1,(AD11-AG11)) -> 1 | AK11: =VLOOKUP((G11*H11)-(AI11*AJ11),'Anexo-riesgo inherente'!$C$2:$D$28,2,TRUE) -> Bajo
A12: 1 | B12: 5 | C12: =+A12*B12 -> 5 | D12: Bajo | AB12: 10 | AC12: 1 | AD12: 1 | AE12: Bajo | AF12: 0 | AG12: 0 | AH12: Bajo | AI12: =IF(AC12-AF12<=0,1,(AC12-AF12)) -> 1 | AJ12: =IF(AD12-AG12<=0,1,(AD12-AG12)) -> 1 | AK12: =VLOOKUP((G12*H12)-(AI12*AJ12),'Anexo-riesgo inherente'!$C$2:$D$28,2,TRUE) -> Bajo
A13: 5 | B13: 1 | C13: =+A13*B13 -> 5 | D13: Bajo | AB13: 11 | AC13: 1 | AD13: 3 | AE13: Bajo | AF13: 3 | AG13: 3 | AH13: Bajo | AI13: =IF(AC13-AF13<=0,1,(AC13-AF13)) -> 1 | AJ13: =IF(AD13-AG13<=0,1,(AD13-AG13)) -> 1 | AK13: =VLOOKUP((G13*H13)-(AI13*AJ13),'Anexo-riesgo inherente'!$C$2:$D$28,2,TRUE) -> Bajo
A14: 2 | B14: 3 | C14: =+A14*B14 -> 6 | D14: Moderado | AB14: 12 | AC14: 3 | AD14: 3 | AE14: Moderado | AF14: 3 | AG14: 3 | AH14: Bajo | AI14: =IF(AC14-AF14<=0,1,(AC14-AF14)) -> 1 | AJ14: =IF(AD14-AG14<=0,1,(AD14-AG14)) -> 1 | AK14: =VLOOKUP((G14*H14)-(AI14*AJ14),'Anexo-riesgo inherente'!$C$2:$D$28,2,TRUE) -> Bajo
A15: 3 | B15: 2 | C15: =+A15*B15 -> 6 | D15: Moderado | AB15: 13 | AC15: 1 | AD15: 4 | AE15: Bajo | AF15: 4 | AG15: 4 | AH15: Bajo | AI15: =IF(AC15-AF15<=0,1,(AC15-AF15)) -> 1 | AJ15: =IF(AD15-AG15<=0,1,(AD15-AG15)) -> 1 | AK15: =VLOOKUP((G15*H15)-(AI15*AJ15),'Anexo-riesgo inherente'!$C$2:$D$28,2,TRUE) -> Bajo
A16: 2 | B16: 4 | C16: =+A16*B16 -> 8 | D16: Moderado | AB16: 14 | AC16: 1 | AD16: 4 | AE16: Bajo | AF16: 3 | AG16: 3 | AH16: Bajo | AI16: =IF(AC16-AF16<=0,1,(AC16-AF16)) -> 1 | AJ16: =IF(AD16-AG16<=0,1,(AD16-AG16)) -> 1 | AK16: =VLOOKUP((G16*H16)-(AI16*AJ16),'Anexo-riesgo inherente'!$C$2:$D$28,2,TRUE) -> Bajo
A17: 4 | B17: 2 | C17: =+A17*B17 -> 8 | D17: Moderado | AB17: 15 | AC17: 1 | AD17: 4 | AE17: Bajo | AF17: 5 | AG17: 5 | AH17: Bajo | AI17: =IF(AC17-AF17<=0,1,(AC17-AF17)) -> 1 | AJ17: =IF(AD17-AG17<=0,1,(AD17-AG17)) -> 1 | AK17: =VLOOKUP((G17*H17)-(AI17*AJ17),'Anexo-riesgo inherente'!$C$2:$D$28,2,TRUE) -> Bajo
A18: 3 | B18: 3 | C18: =+A18*B18 -> 9 | D18: Moderado | AB18: 16 | AC18: 1 | AD18: 3 | AE18: Bajo | AF18: 4 | AG18: 4 | AH18: Bajo | AI18: =IF(AC18-AF18<=0,1,(AC18-AF18)) -> 1 | AJ18: =IF(AD18-AG18<=0,1,(AD18-AG18)) -> 1 | AK18: =VLOOKUP((G18*H18)-(AI18*AJ18),'Anexo-riesgo inherente'!$C$2:$D$28,2,TRUE) -> Bajo
A19: 2 | B19: 5 | C19: =+A19*B19 -> 10 | D19: Moderado | AB19: 17 | AC19: 1 | AD19: 4 | AE19: Bajo | AF19: 5 | AG19: 1 | AH19: Bajo | AI19: =IF(AC19-AF19<=0,1,(AC19-AF19)) -> 1 | AJ19: =IF(AD19-AG19<=0,1,(AD19-AG19)) -> 3 | AK19: =VLOOKUP((G19*H19)-(AI19*AJ19),'Anexo-riesgo inherente'!$C$2:$D$28,2,TRUE) -> Bajo
A20: 5 | B20: 2 | C20: =+A20*B20 -> 10 | D20: Moderado | AB20: 18 | AC20: 1 | AD20: 4 | AE20: Bajo | AF20: 4 | AG20: 1 | AH20: Bajo | AI20: =IF(AC20-AF20<=0,1,(AC20-AF20)) -> 1 | AJ20: =IF(AD20-AG20<=0,1,(AD20-AG20)) -> 3 | AK20: =VLOOKUP((G20*H20)-(AI20*AJ20),'Anexo-riesgo inherente'!$C$2:$D$28,2,TRUE) -> Bajo
A21: 3 | B21: 4 | C21: =+A21*B21 -> 12 | D21: Alto | AB21: 19 | AC21: 1 | AD21: 4 | AE21: Bajo | AH21: Bajo | AI21: =IF(AC21-AF21<=0,1,(AC21-AF21)) -> 1 | AJ21: =IF(AD21-AG21<=0,1,(AD21-AG21)) -> 4 | AK21: =VLOOKUP((G21*H21)-(AI21*AJ21),'Anexo-riesgo inherente'!$C$2:$D$28,2,TRUE) -> Bajo
A22: 4 | B22: 3 | C22: =+A22*B22 -> 12 | D22: Alto | AB22: 20 | AC22: 1 | AD22: 4 | AE22: Bajo | AH22: Bajo | AI22: =IF(AC22-AF22<=0,1,(AC22-AF22)) -> 1 | AJ22: =IF(AD22-AG22<=0,1,(AD22-AG22)) -> 4 | AK22: =VLOOKUP((G22*H22)-(AI22*AJ22),'Anexo-riesgo inherente'!$C$2:$D$28,2,TRUE) -> Bajo
A23: 3 | B23: 5 | C23: =+A23*B23 -> 15 | D23: Alto
A24: 5 | B24: 3 | C24: =+A24*B24 -> 15 | D24: Alto
A25: 4 | B25: 4 | C25: =+A25*B25 -> 16 | D25: Crítico
A26: 4 | B26: 5 | C26: =+A26*B26 -> 20 | D26: Crítico
A27: 5 | B27: 4 | C27: =+A27*B27 -> 20 | D27: Crítico
A28: 5 | B28: 5 | C28: =+A28*B28 -> 25 | D28: Crítico

Sheet CRITERIOS ANALISIS EVALUACION
E2: CALIFICACIÓN DEL RIESGO
A3: IMPACTO / CONSECUENCIA | B3: CUANTIFICACIÓN | C3: DESCRIPCIÓN | E3: IMPACTO PROBABILIDAD | G3: Insignificante | H3: Menor | I3: Moderado | J3: Mayor | K3: Catastrofico
A4: Insignificante | B4: 1 | C4: Sin perjuicios, baja pérdida financiera o daño. | E4: PROBABILIDAD | G4: 1 | H4: 2 | I4: 3 | J4: 4 | K4: 5
E5: Casi Certeza | F5: 5 | G5: =$F$5*G4 -> 5 | H5: =$F$5*H4 -> 10 | I5: =$F$5*I4 -> 15 | J5: =$F$5*J4 -> 20 | K5: =$F$5*K4 -> 25
E6: Probable | F6: 4 | G6: =$F$6*G4 -> 4 | H6: =$F$6*H4 -> 8 | I6: =$F$6*I4 -> 12 | J6: =$F$6*J4 -> 16 | K6: =$F$6*K4 -> 20
A7: Menor | B7: 2 | C7: Menor pérdida o daño. Puede ser susceptible de una amonestación, llamado de atención, sanción moderada de índole económica o pecuniaria. No causa indemnización ni perjuicios. No se genera pérdida de clientes, no se genera pérdida de ingresos o aumentos de los gastos por pérdida de reputación, no genera efecto de contagio. | E7: Potencial | F7: 3 | G7: =$F$7*G4 -> 3 | H7: =$F$7*H4 -> 6 | I7: =$F$7*I4 -> 9 | J7: =$F$7*J4 -> 12 | K7: =$F$7*K4 -> 15
E8: Improbable | F8: 2 | G8: =$F$8*G4 -> 2 | H8: =$F$8*H4 -> 4 | I8: =$F$8*I4 -> 6 | J8: =$F$8*J4 -> 8 | K8: =$F$8*K4 -> 10
E9: Raro | F9: 1 | G9: =$F$9*G4 -> 1 | H9: =$F$9*H4 -> 2 | I9: =$F$9*I4 -> 3 | J9: =$F$9*J4 -> 4 | K9: =$F$9*K4 -> 5
A10: Moderado | B10: 3 | C10: Puede ser susceptible de una amonestación de índole económica o pecuniaria. Poca o moderada probabilidad de procesos penales. Baja o moderada probabilidad de indemnización de perjuicios. Poca o moderada probabilidad de pérdida de clientes, disminución de ingresos por desprestigio, mala imagen o publicidad negativa. Puede producir efecto contagio entre empresas o entidades relacionadas en con la entidad (efecto en otros negocios). | E10: OPCIONES DE MANEJO DEL RIESGO
E11: Riesgo Insignificante | I11: Administrar mediante procedimiento de rutina
E12: Riesgo Bajo | I12: Debe especificarse responsabilidad gerencial en el corto plazo para subsanar en el mediano plazo
A13: Mayor | B13: 4 | C13: Puede ser susceptible de una amonestación de índole económica o pecuniaria a la mayor cuantía posible. Mayor probabilidad de cancelación de operaciones o líneas de negocio, generación de pérdidas por la imposibilidad de recuperación de activos o de cartera colocada. Mayor probabilidad de pérdida de clientes, disminución de los ingresos por mala imagen o publicidad. Se puede producir efecto de contagio por clientes compartidos | E13: Riesgo Moderado | I13: Necesita atención de la gerencia en el corto plazo
E14: Riesgo Alto | I14: Requiere acción inmediata
A16: Catastrofico | B16: 5 | C16: Puede ser susceptible de cuantiosas amonestaciones económicas o pecuniarias y estrictas sanciones de suspensión, inhabilitación o remoción de administradores, oficial de cumplimiento y otros funcionarios, cancelación de operaciones, suspensión de actividades, intervención de la organización solidaria. Alta probabilidad de procesos penales. Alta probabilidad de pérdida de clientes, disminución de ingresos por desprestigio, mala imagen o publicidad negativa. Puede colocar en peligro la solvencia de la entidad. Puede producir efecto contagio en el segmento comercial donde actúa.
I18: Efectividad del Control | J18: Reducción de la Probabilidad | K18: Reducción del Impacto
I19: 0 | J19: Donde 0 no la reduce y 5 la reduce al maximo
A20: PROBABILIDAD | B20: CUANTIFICACIÓN | C20: DESCRIPCIÓN | D20: FRECUENCIA | I20: 1
A21: Raro | B21: 1 | C21: Puede ocurrir solo en circunstancias excepcionales | D21: No se ha presentado en los últimos 5 años | I21: 2
A22: Improbable | B22: 2 | C22: Pudo ocurrir en algún momento | D22: Al menos 1 vez en los últimos 5 años | I22: 3
A23: Potencial | B23: 3 | C23: Podría ocurrir en algún momento | D23: Al menos 1 vez en los últimos 2 años | I23: 4
A24: Probable | B24: 4 | C24: Probablemente ocurrirá en la mayoría de las circunstancias | D24: Al menos 1 vez en el último año | I24: 5
A25: Casi Certeza | B25: 5 | C25: Se espera que ocurra en la mayoría de las circunstancias | D25: Más de 1 vez al año.
